 Dungeon Crawl Stone Soup version 0.28.0-43-g3370ac3207 (webtiles) character file.

Game seed: 18357003654455474017

339 nickcage the Magician (level 6, -7/40 HPs)
             Began as a Djinni Fire Elementalist on Mar 7, 2022.
             Mangled by a mummy (10 damage)
             ... in an ossuary.
             The game lasted 00:15:38 (4094 turns).

nickcage the Magician (Djinni Fire Elementalist)    Turns: 4094, Time: 00:15:38

Health: -7/40      AC:  2    Str:  7    XL:     6   Next: 86%
Gold:   87         EV: 12    Int: 19    God:
                   SH:  0    Dex: 13

rFire   + + .      SeeInvis .   p - +2 dagger (venom)
rCold   x . .      Faith    .   (no shield)
rNeg    . . .      Spirit   .   a - +0 robe
rPois   ∞          Reflect  .   (no helmet)
rElec   .          Harm     .   (no cloak)
rCorr   .          Rampage  .   (no gloves)
Will    .....                   (boots unavailable)
Stlth   ++........              (no amulet)
HPRegen 0.13/turn               (no ring)
MPRegen 0.00/turn               (no ring)

@: flying, invisible
A: sickness immunity, fire resistance 2, cold vulnerability 1, float, innate
caster, HP casting, extra vitality 1
a: no special abilities


You were in an ossuary.
You visited 1 branch of the dungeon, and saw 4 of its levels.
You also visited: Ossuary.

You collected 216 gold pieces.
You spent 129 gold pieces at shops.

Inventory:

Hand Weapons
 f - a +0 club
 h - a +0 whip
 p - a +2 dagger of venom (weapon)
Missiles
 e - 5 boomerangs
Armour
 a - a +0 robe (worn)
Scrolls
 d - 2 scrolls of identify
 g - a scroll of noise {unknown}
 i - 2 scrolls of enchant weapon {unknown}
 k - 3 scrolls of summoning {unknown}
 l - 2 scrolls of magic mapping {unknown}
 m - a scroll of enchant armour {unknown}
 o - 2 scrolls of blinking {unknown}
Potions
 b - 2 potions of haste {unknown}
 c - a potion of invisibility
 j - a potion of curing {unknown}
 n - 2 potions of mutation {unknown}
 q - a potion of berserk rage {unknown}


   Skills:
 - Level 2.3 Dodging
 - Level 1.6 Stealth
 + Level 5.4 Spellcasting


You couldn't memorise any spells.
You knew the following spells:

 Your Spells              Type           Power      Damage    Failure   Level
a - Foxfire               Conj/Fire      100%       2x1d9     1%          1
b - Scorch                Fire           52%        2d7       1%          2
c - Conjure Flame         Conj/Fire      26%        6-21      3%          3
d - Inner Flame           Hex/Fire       26%        N/A       3%          3
e - Flame Wave            Conj/Fire      26%        2d7       12%         4
f - Pain                  Necr           100%       1d9       1%          1
g - Static Discharge      Conj/Air       26%        N/A       1%          2
Your spell library was empty.

Dungeon Overview and Level Annotations

Branches:
Dungeon (4/15)            Ossuary (1/1)
 Temple: D:4-7

Altars:
Elyvilon
Nemelex Xobeh
Zin

Shops:
D:2 *


Innate Abilities, Weirdness & Mutations

You are immune to sickness and miasma.
You are immune to poison.
Your flesh is very heat resistant. (rF++)
You are vulnerable to cold. (rC-)
You float through the air rather than walking.
You learn spells naturally, not from books.
Your magical power is your life essence.
You have superior vitality. (+4 MHP)


Message History

The water moccasin zombie is burned terribly!
The water moccasin zombie is severely damaged.
The foxfire hits the water moccasin zombie.
The water moccasin zombie is burned terribly!
The water moccasin zombie is severely damaged.
The foxfire hits the water moccasin zombie.
The water moccasin zombie is burned terribly!
The water moccasin zombie is almost destroyed.
The water moccasin zombie bites you!
* * * LOW HITPOINT WARNING * * *
The water moccasin zombie bites you.
* * * LOW HITPOINT WARNING * * *
Casting: Scorch (safe; 2% risk of failure)
Confirm with . or Enter, or press ? or * to list all spells.
Flames lash the water moccasin zombie.
The water moccasin zombie is burned terribly!
You destroy the water moccasin zombie!
* * * LOW HITPOINT WARNING * * *
You start resting.
A mummy comes into view.
As you read the scroll labelled JYGAGU BIYC, it crumbles to dust.
It is a scroll of identify.
c - 2 potions of invisibility A centaur zombie comes into view.
You fade into invisibility!
A mummy comes into view.
Casting: Foxfire (safe; 1% risk of failure)
Press: ? - help, Q - select action, (/) - cycle Dir - look around, f - activate You conjure some foxfire!
* * * LOW HITPOINT WARNING * * *
You barely miss the mummy.
The foxfire hits the mummy!
The mummy is burned terribly!
The mummy is severely damaged.
The foxfire hits the mummy!
The mummy is burned terribly!
You destroy the mummy!
There is an empty arch of ancient stone here.
You hit the mummy.
The mummy is lightly damaged.
The mummy hits you!
You die...

##### #∩..#
#.@.# #M..#
##≈##
≈...≈≈.≈.≈≈M.#
.≈.≈≈≈.#.≈≈###
P#P#.#. P≈P#
#≈ #≈≈≈ Z≈≈#
#≈≈≈ ≈#≈# ≈≈≈
≈###


You could see a mummy and a centaur zombie (wandering).

Vanquished Creatures
  A water moccasin zombie (Ossuary)
  A centaur zombie (Ossuary)
  Natasha (twice) (D:2)
  An iguana (D:2)
  A killer bee zombie (Ossuary)
  3 mummies (Ossuary)
  A howler monkey zombie (Ossuary)
  3 gnolls (D:2)
  3 worms
  3 dart slugs
  9 ball pythons
  4 bats
  7 endoplasms
  A giant cockroach (D:3)
  10 goblins
  5 hobgoblins (D:3)
  3 jackals (D:1)
  5 kobolds
  2 quokkas
  3 frilled lizards
  3 rats (D:1)
71 creatures vanquished.

Vanquished Creatures (collateral kills)
  A foxfire (Ossuary)
1 creature vanquished.

Vanquished Creatures (others)
  131 foxfires
  5 fungi (D:1)
  3 toadstools (D:1)
  6 withered plants (Ossuary)
145 creatures vanquished.

Grand Total: 217 creatures vanquished

Notes
Turn   | Place    | Note
-------+----------+-------------------------------------------
     0 | D:1      | nickcage the Djinni Fire Elementalist began the quest for
                  | the Orb.
     0 | D:1      | Reached XP level 1. HP: 15/15 MP: 0/0
   243 | D:1      | Reached XP level 2. HP: 8/21 MP: 0/0
   870 | D:1      | Found a faded altar of an unknown god.
   903 | D:1      | Reached skill level 3 in Spellcasting
   988 | D:1      | Reached XP level 3. HP: 20/25 MP: 0/0
   988 | D:1      | Learned a level 1 spell: Pain
  1416 | D:2      | Reached XP level 4. HP: 21/31 MP: 0/0
  1539 | D:2      | Found a glowing silver altar of Zin.
  1917 | D:2      | Found Eczoug's Assorted Antiques.
  1936 | D:2      | Bought a scroll labelled JYGAGU BIYC for 22 gold pieces
  1936 | D:2      | Bought a brown potion for 19 gold pieces
  1936 | D:2      | Bought 3 scrolls labelled XYFYISH FIUR for 66 gold pieces
  1936 | D:2      | Bought a scroll labelled ZUISY MO DUT for 22 gold pieces
  1954 | D:2      | Reached skill level 4 in Spellcasting
  2157 | D:2      | Noticed Natasha
  2163 | D:2      | Killed Natasha
  2164 | D:2      | Reached XP level 5. HP: 27/35 MP: 0/0
  2164 | D:2      | Learned a level 2 spell: Static Discharge
  2211 | D:2      | Noticed Natasha
  2214 | D:2      | Killed Natasha
  2998 | D:3      | Found a sparkling altar of Nemelex Xobeh.
  3972 | D:3      | Found a white marble altar of Elyvilon.
  4019 | D:4      | Found a sand-covered staircase.
  4027 | Ossuary  | Entered an ossuary
  4044 | Ossuary  | Reached XP level 6. HP: 38/40 MP: 0/0
  4075 | Ossuary  | Reached skill level 5 in Spellcasting
  4094 | Ossuary  | Mangled by a mummy

Illustrated notes

Levels and vault maps discovered:
D:1:      dpeg_cavernosity, layout_rooms, nicolae_ecumenical_lake_church,
          minmay_gold_behind_fungi, st_stairs_2
D:2:      layout_basic, serial_shops, nicolae_shop_advertising_works
          [nicolae_subvault_shop_adworks], basic_altar, uniq_natasha
D:3:      cheibrodos_greedy_goblins, layout_basic,
          lemuel_coloured_pillars_altar, nemelex_diamond_rough_becter,
          serial_glass, glass_columns_b, glass_columns_c
D:4:      layout_rooms, overflow_temple_1_default, chequers_ossuary_entry_cave,
          uniq_edmund
Ossuary:  ossuary_zaba_flooded

Skill      XL: |  1  2  3  4  5  6 |
---------------+-------------------+-----
Spellcasting   | 3 4 5 |  5.4
Dodging        | |  2.3
Stealth        | |  1.6

Action                   |  1- 3 |  4- 6 || total
-------------------------+-------+-------++-------
Melee: Unarmed           |     9 |       ||     9
       Club              |     4 |       ||     4
       Whip              |       |    16 ||    16
       Dagger            |       |     5 ||     5
 Cast: Foxfire           |    39 |    42 ||    81
       Scorch            |     3 |    23 ||    26
       Pain              |       |     8 ||     8
  Use: Scroll            |       |     1 ||     1
       Potion            |       |     1 ||     1
 Stab: Sleeping          |     1 |     4 ||     5
Armor: Robe              |     4 |     8 ||    12
Dodge: Dodged            |    17 |    24 ||    41
